Canucks vs RedWings

Created - January 7, 2017 at 10:53

Goals
1 2 3 T
Canucks 3 0 0 3
RedWings 0 1 0 1
Shots
1 2 3 T
Canucks 12 11 9 32
RedWings 8 7 11 26

1st period

1. Canucks , Evander Kane 12 (Evgeny Kuznetsov, Brent Burns) at 0:27
2. Canucks , Brent Burns 6 (Erik Karlsson, Evander Kane) at 8:20 (PP)
3. Canucks , Chris Kreider 2 (Jonas Brodin, Alexander Burmistrov) at 11:59

Penalties :
Filip Forsberg (DET) for Hooking (Minor) at 7:38, Jake Gardiner (DET) for Roughing (Minor) at 9:25, Filip Forsberg (DET) for Hooking (Minor) at 13:15, Alex Pietrangelo (VAN) for Holding (Minor) at 13:15

2nd period

4. RedWings , Loui Eriksson 18 (Sean Monahan, Eric Gryba) at 9:39

Penalties :
Chris Kreider (VAN) for Tripping (Minor) at 12:10, Micheal Ferland (DET) for Slashing (Minor) at 16:17

3rd period

No Goal

Penalties :
Eric Gryba (DET) for Fighting (Major) at 5:44, Brent Burns (VAN) for Fighting (Major) at 5:44, Evander Kane (VAN) for High sticking (Minor) at 18:02

Goalie Stats

Henrik Lundqvist (VAN), 25 saves from 26 shots - (0.962), W, 16-14-6, 60:00 minutes
Roberto Luongo (DET), 29 saves from 32 shots - (0.906), L, 11-8-2, 60:00 minutes

Players Stats for Canucks

Player Name              G  A  P  +/- PIM S  H  SB GA TA FO     MP     PP MP  PK MP  
------------------------------------------------------------------------------------
Adam Henrique            0  0  0   0  0   6  1  0  0  0  1/2    19:53   2:11   2:23 
Alex Pietrangelo         0  0  0   0  2   4  0  3  0  0  0/0    21:18   1:38   1:53 
Alexander Burmistrov     0  1  1   1  0   0  0  0  0  0  3/4    14:45   0:00   1:33 
Brent Burns              1  1  2   0  5   1  2  1  0  0  0/0    19:21   3:02   0:45 
Chris Kreider            1  0  1   1  2   1  2  0  0  0  0/1    12:19   0:00   0:00 
Cody Ceci                0  0  0   0  0   0  2  1  0  0  0/0    21:13   0:00   2:03 
Elias Lindholm           0  0  0  -1  0   1  0  1  0  0  1/4     8:23   2:29   0:00 
Erik Karlsson            0  1  1   0  0   2  0  0  0  0  0/0    21:35   3:02   2:03 
Evander Kane             1  1  2   1  2   5  3  0  0  0  0/1    19:14   2:29   0:54 
Evgeny Kuznetsov         0  1  1   1  0   3  0  0  0  0  11/25  20:20   2:11   2:17 
Jimmy Hayes              0  0  0  -1  0   0  0  0  0  0  0/0     5:54   0:00   0:00 
Jonas Brodin             0  1  1   1  0   1  0  0  0  0  0/0    19:51   0:00   1:53 
Logan Couture            0  0  0   0  0   2  1  0  0  0  16/28  17:48   2:29   0:00 
Matt Beleskey            0  0  0  -1  0   0  1  0  0  0  0/0     7:01   0:00   0:00 
Mikkel Boedker           0  0  0   0  0   3  1  0  0  0  1/1    15:19   0:00   0:00 
Nathan Beaulieu          0  0  0   1  0   0  1  0  0  0  0/0    18:17   1:38   0:00 
Reilly Smith             0  0  0   1  0   2  0  0  0  0  0/1    18:03   2:11   0:00 
Robby Fabbri             0  0  0   1  0   1  0  0  0  0  5/15   13:27   0:00   0:00 

Players Stats for RedWings

Player Name              G  A  P  +/- PIM S  H  SB GA TA FO     MP     PP MP  PK MP  
------------------------------------------------------------------------------------
Alexandre Burrows        0  0  0   0  0   0  2  1  0  0  0/0     9:58   0:00   0:00 
Andrew Cogliano          0  0  0   0  0   5  2  0  0  0  3/7    11:58   2:35   1:23 
David Pastrnak           0  0  0  -1  0   1  0  0  0  0  1/1    17:54   1:21   0:00 
Eric Gryba               0  1  1   1  5   0  3  1  0  0  0/0    18:12   0:00   1:34 
Erik Haula               0  0  0   0  0   1  0  1  0  0  1/6    15:50   1:49   2:23 
Filip Forsberg           0  0  0   0  4   3  1  2  0  0  0/2    19:07   1:21   1:35 
Jake Gardiner            0  0  0  -1  2   1  0  1  0  0  0/0    13:56   0:00   1:13 
Jonathan Drouin          0  0  0   0  0   2  1  0  0  0  8/17   21:37   2:07   3:17 
Kevin Connauton          0  0  0   1  0   0  0  1  0  0  0/0    19:27   1:21   0:30 
Loui Eriksson            1  0  1  -1  0   7  1  1  0  0  0/0    17:10   0:00   0:24 
Micheal Ferland          0  0  0   0  2   0  0  0  0  0  2/2     6:40   0:00   0:00 
Mikhail Grabovski        0  0  0   0  0   0  1  0  0  0  7/9    10:44   0:00   0:00 
Paul Martin              0  0  0  -2  0   1  0  5  0  0  0/0    24:24   2:35   1:25 
Sam Gagner               0  0  0   0  0   1  0  1  0  0  2/3    16:13   0:00   0:00 
Sean Monahan             0  1  1  -1  0   2  0  0  0  0  12/19  16:33   0:00   0:00 
Thomas Hickey            0  0  0  -1  0   1  1  3  0  0  0/0    22:27   1:21   2:56 
Vincent Lecavalier       0  0  0   0  0   1  0  0  0  0  8/16   10:16   2:35   0:34 
Zach Trotman             0  0  0   0  0   0  5  2  0  0  0/0    20:50   2:35   1:26 

3 Stars

1 - Henrik Lundqvist (VAN)
2 - Evander Kane (VAN)
3 - Chris Kreider (VAN)

Power Play

Canucks - 1 on 3 Attempt(s) - 33.33%
RedWings - 0 on 2 Attempt(s) - 0.00%

Penalty Kill

Canucks - 2 on 2 Attempt(s) - 100.00% - Score 0 goal in Penalty Kill
RedWings - 2 on 3 Attempt(s) - 66.67% - Score 0 goal in Penalty Kill

Team Stat

Canucks - Hits : 14 - Faceoff Wins : 38 - Blocked Shots : 6 - Penalty Minutes : 11
RedWings - Hits : 17 - Faceoff Wins : 44 - Blocked Shots : 19 - Penalty Minutes : 13

Official

Referees : Kendrick Nicholson and Frederick L'Ecuyer
Linesman : Steve Barton and Brian Murphy

Game Notes

Eric Gryba and Brent Burns fight to a draw at 5:44 of 3rd period

Finance

Level 1 -- Attendance: 6500 (100.00%) -- Ticket Income $435,500
Level 2 -- Attendance: 4936 (98.72%) -- Ticket Income $246,800
Level 3 -- Attendance: 3500 (100.00%) -- Ticket Income $94,500
Level 4 -- Attendance: 3153 (78.30%) -- Ticket Income $25,224
Luxury Box -- Attendance: 1000 (100.00%) -- Ticket Income $130,000
Game was played at the Joe Louis Arena.
Total Attendance: 19089 (95.32%)
Total Ticket Income: $932,024
Other Income: $139,804
Total Income: $1,071,828

% Time on Ice - Canucks

Lines # - Real PCT - Wanted PCT - Time Play
Normal Forward
1 - 32% - 33% - 15:52
2 - 31% - 31% - 15:19
3 - 25% - 24% - 12:20
4 - 12% - 12% - 5:54
Normal Defense
1 - 34% - 34% - 16:47
2 - 33% - 33% - 16:13
3 - 31% - 28% - 15:24
4 - 2% - 5% - 1:01
PP Forward
1 - 47% - 57% - 2:11
2 - 53% - 43% - 2:29
PP Defense
1 - 65% - 53% - 3:02
2 - 35% - 47% - 1:38
PK Forward
1 - 61% - 55% - 2:23
2 - 39% - 45% - 1:33
PK Defense
1 - 48% - 50% - 1:53
2 - 52% - 50% - 2:03
PK3 Forward
1 - 0% - 52%
2 - 0% - 48%
PK3 Defense
1 - 0% - 51%
2 - 0% - 49%
44 Forward
1 - 44% - 55% - 0:52
2 - 56% - 45% - 1:07
44 Defense
1 - 71% - 52% - 1:24
2 - 29% - 48% - 0:35
Last Minute Offensive  - 0:00
Last Minute Defensive  - 0:00
Total
Forward - 60:00
Defense - 60:00

% Time on Ice - RedWings

Lines # - Real PCT - Wanted PCT - Time Play
Normal Forward
1 - 33% - 35% - 16:33
2 - 33% - 35% - 16:13
3 - 20% - 20% - 9:58
4 - 14% - 10% - 6:41
Normal Defense
1 - 33% - 40% - 16:12
2 - 37% - 30% - 18:19
3 - 24% - 20% - 11:50
4 - 6% - 10% - 3:04
PP Forward
1 - 66% - 60% - 2:35
2 - 34% - 40% - 1:21
PP Defense
1 - 66% - 60% - 2:35
2 - 34% - 40% - 1:21
PK Forward
1 - 70% - 60% - 3:17
2 - 30% - 40% - 1:23
PK Defense
1 - 39% - 60% - 1:48
2 - 61% - 40% - 2:52
PK3 Forward
1 - 0% - 60%
2 - 0% - 40%
PK3 Defense
1 - 0% - 60%
2 - 0% - 40%
44 Forward
1 - 100% - 60% - 1:59
2 - 0% - 40% - 0:00
44 Defense
1 - 37% - 60% - 0:44
2 - 63% - 40% - 1:15
Last Minute Offensive  - 0:00
Last Minute Defensive  - 0:00
Total
Forward - 60:00
Defense - 60:00

Play by Play

1st period


0:01 of 1st period - Sean Monahan wins face-off versus Evgeny Kuznetsov in neutral zone.
0:01 of 1st period - Sean Monahan is hit by Evander Kane.
0:13 of 1st period - Shot by Sean Monahan.
0:13 of 1st period - Shot Blocked by Alex Pietrangelo.
0:23 of 1st period - Shot by Evgeny Kuznetsov.
0:23 of 1st period - Shot Blocked by Paul Martin.
0:27 of 1st period - Shot by Evander Kane.
0:27 of 1st period - Goal by Evander Kane - Canucks : 1 - RedWings : 0.
0:28 of 1st period - Jonathan Drouin wins face-off versus Logan Couture in neutral zone.
0:31 of 1st period - Shot by Filip Forsberg.
0:31 of 1st period - Stopped by Henrik Lundqvist without a rebound.
0:32 of 1st period - Robby Fabbri wins face-off versus Jonathan Drouin in Canucks zone.
1:04 of 1st period - Jake Gardiner is hit by Nathan Beaulieu and loses puck.
1:26 of 1st period - Off-side.
1:27 of 1st period - Mikhail Grabovski wins face-off versus Logan Couture in neutral zone.
2:03 of 1st period - Shot by Logan Couture.
2:03 of 1st period - Deflect By Mikkel Boedker.
2:03 of 1st period - Stopped by Roberto Luongo without a rebound.
2:04 of 1st period - Elias Lindholm wins face-off versus Sean Monahan in RedWings zone.
3:20 of 1st period - Icing by Sean Monahan.
3:21 of 1st period - Sean Monahan wins face-off versus Logan Couture in RedWings zone.
4:36 of 1st period - Off-side.
4:37 of 1st period - Sam Gagner wins face-off versus Robby Fabbri in neutral zone.
4:53 of 1st period - Icing by Zach Trotman.
4:54 of 1st period - Evgeny Kuznetsov wins face-off versus Jonathan Drouin in RedWings zone.
5:05 of 1st period - Shot by Jonathan Drouin.
5:05 of 1st period - Stopped by Henrik Lundqvist without a rebound.
5:06 of 1st period - Mikhail Grabovski wins face-off versus Robby Fabbri in Canucks zone.
5:34 of 1st period - Chris Kreider is hit by Zach Trotman and loses puck.
5:38 of 1st period - Robby Fabbri is hit by Zach Trotman.
6:19 of 1st period - Evgeny Kuznetsov is hit by Zach Trotman and loses puck.
6:22 of 1st period - Shot by Reilly Smith.
6:22 of 1st period - Shot Misses the Net.
6:24 of 1st period - Shot by Reilly Smith.
6:24 of 1st period - Shot Blocked by Paul Martin.
6:27 of 1st period - Evander Kane is hit by Zach Trotman and loses puck.
7:00 of 1st period - Shot by Adam Henrique.
7:00 of 1st period - Shot Misses the Net.
7:10 of 1st period - Shot by Logan Couture.
7:10 of 1st period - Shot Misses the Net.
7:38 of 1st period - Minor Penalty to Filip Forsberg for Hooking.
7:39 of 1st period - Andrew Cogliano wins face-off versus Evander Kane in RedWings zone.
7:51 of 1st period - Icing by Evander Kane.
7:52 of 1st period - Logan Couture wins face-off versus Andrew Cogliano in Canucks zone.
7:52 of 1st period - Logan Couture is hit by Andrew Cogliano.
8:07 of 1st period - Erik Karlsson is hit by Eric Gryba and loses puck.
8:18 of 1st period - Shot by Erik Karlsson.
8:18 of 1st period - Stopped by Roberto Luongo with a rebound.
8:20 of 1st period - Shot by Brent Burns.
8:20 of 1st period - Goal by Brent Burns - Canucks : 2 - RedWings : 0.
8:21 of 1st period - Sean Monahan wins face-off versus Robby Fabbri in neutral zone.
9:25 of 1st period - Minor Penalty to Jake Gardiner for Roughing.
9:26 of 1st period - Evgeny Kuznetsov wins face-off versus Filip Forsberg in RedWings zone.
9:53 of 1st period - Shot by Adam Henrique.
9:53 of 1st period - Shot Blocked by Filip Forsberg.
9:59 of 1st period - Shot by Alex Pietrangelo.
9:59 of 1st period - Shot Misses the Net.
10:01 of 1st period - Shot by Alex Pietrangelo.
10:01 of 1st period - Stopped by Roberto Luongo without a rebound.
10:02 of 1st period - Logan Couture wins face-off versus Erik Haula in RedWings zone.
10:43 of 1st period - Shot by Evander Kane.
10:43 of 1st period - Stopped by Roberto Luongo with a rebound.
10:45 of 1st period - Shot by Logan Couture.
10:45 of 1st period - Shot Misses the Net.
11:11 of 1st period - Shot by Evgeny Kuznetsov.
11:11 of 1st period - Deflect By Adam Henrique.
11:11 of 1st period - Stopped by Roberto Luongo without a rebound.
11:12 of 1st period - Adam Henrique wins face-off versus Andrew Cogliano in RedWings zone.
11:17 of 1st period - Shot by Reilly Smith.
11:17 of 1st period - Deflect By Adam Henrique.
11:17 of 1st period - Shot Misses the Net.
11:45 of 1st period - Shot by Sean Monahan.
11:45 of 1st period - Shot Hit the Post.
11:59 of 1st period - Shot by Chris Kreider.
11:59 of 1st period - Goal by Chris Kreider - Canucks : 3 - RedWings : 0.
12:00 of 1st period - Mikkel Boedker wins face-off versus Vincent Lecavalier in neutral zone.
12:21 of 1st period - Shot by Logan Couture.
12:21 of 1st period - Shot Misses the Net.
12:23 of 1st period - Shot by Logan Couture.
12:23 of 1st period - Shot Misses the Net.
12:41 of 1st period - Shot by Logan Couture.
12:41 of 1st period - Stopped by Roberto Luongo without a rebound.
12:42 of 1st period - Sean Monahan wins face-off versus Evgeny Kuznetsov in RedWings zone.
12:55 of 1st period - Shot by Sean Monahan.
12:55 of 1st period - Deflect By Loui Eriksson.
12:55 of 1st period - Stopped by Henrik Lundqvist without a rebound.
12:56 of 1st period - Sam Gagner wins face-off versus Elias Lindholm in Canucks zone.
12:56 of 1st period - Filip Forsberg is hit by Brent Burns.
13:12 of 1st period - Shot by Sam Gagner.
13:12 of 1st period - Shot Misses the Net.
13:15 of 1st period - Minor Penalty to Filip Forsberg for Hooking.
13:15 of 1st period - Minor Penalty to Alex Pietrangelo for Holding.
13:16 of 1st period - Alexander Burmistrov wins face-off versus Andrew Cogliano in Canucks zone.
13:50 of 1st period - Shot by Andrew Cogliano.
13:50 of 1st period - Stopped by Henrik Lundqvist without a rebound.
13:51 of 1st period - Andrew Cogliano wins face-off versus Robby Fabbri in Canucks zone.
13:56 of 1st period - Shot by Andrew Cogliano.
13:56 of 1st period - Stopped by Henrik Lundqvist without a rebound.
13:57 of 1st period - Robby Fabbri wins face-off versus Andrew Cogliano in Canucks zone.
13:57 of 1st period - Robby Fabbri is hit by Andrew Cogliano.
14:46 of 1st period - Cody Ceci is hit by Eric Gryba.
14:47 of 1st period - Icing by Cody Ceci.
14:48 of 1st period - Mikhail Grabovski wins face-off versus Robby Fabbri in Canucks zone.
14:49 of 1st period - Shot by Erik Haula.
14:49 of 1st period - Shot Misses the Net.
15:07 of 1st period - Shot by Mikhail Grabovski.
15:07 of 1st period - Deflect By Erik Haula.
15:07 of 1st period - Shot Misses the Net.
15:36 of 1st period - Icing by Alex Pietrangelo.
15:37 of 1st period - Evgeny Kuznetsov wins face-off versus Sean Monahan in Canucks zone.
15:57 of 1st period - Shot by Thomas Hickey.
15:57 of 1st period - Stopped by Henrik Lundqvist without a rebound.
15:58 of 1st period - Logan Couture wins face-off versus Jonathan Drouin in Canucks zone.
15:58 of 1st period - Nathan Beaulieu is hit by Jonathan Drouin and loses puck.
16:09 of 1st period - Shot by Filip Forsberg.
16:09 of 1st period - Stopped by Henrik Lundqvist without a rebound.
16:10 of 1st period - Sean Monahan wins face-off versus Robby Fabbri in Canucks zone.
16:15 of 1st period - Shot by David Pastrnak.
16:15 of 1st period - Stopped by Henrik Lundqvist without a rebound.
16:16 of 1st period - Jonathan Drouin wins face-off versus Evgeny Kuznetsov in Canucks zone.
16:17 of 1st period - Shot by Filip Forsberg.
16:17 of 1st period - Deflect By Jonathan Drouin.
16:17 of 1st period - Shot Misses the Net.
17:14 of 1st period - Shot by Adam Henrique.
17:14 of 1st period - Stopped by Roberto Luongo with a rebound.
17:16 of 1st period - Shot by Adam Henrique.
17:16 of 1st period - Shot Blocked by Paul Martin.
17:22 of 1st period - Shot by Adam Henrique.
17:22 of 1st period - Shot Blocked by Paul Martin.
17:30 of 1st period - Shot by Mikkel Boedker.
17:30 of 1st period - Shot Misses the Net.
17:32 of 1st period - Shot by Logan Couture.
17:32 of 1st period - Stopped by Roberto Luongo without a rebound.
17:33 of 1st period - Sean Monahan wins face-off versus Robby Fabbri in RedWings zone.
17:37 of 1st period - Icing by Loui Eriksson.
17:38 of 1st period - David Pastrnak wins face-off versus Robby Fabbri in RedWings zone.
18:04 of 1st period - Shot by Alex Pietrangelo.
18:04 of 1st period - Stopped by Roberto Luongo with a rebound.
18:29 of 1st period - Brent Burns is hit by Zach Trotman.
19:30 of 1st period - Adam Henrique is hit by Mikhail Grabovski and loses puck.
19:39 of 1st period - Shot by Mikkel Boedker.
19:39 of 1st period - Shot Misses the Net.
19:52 of 1st period - Shot by Adam Henrique.
19:52 of 1st period - Shot Misses the Net.
Goals for this period are 3 for Canucks vs 0 for RedWings.
Shots for this period are 12 for Canucks vs 8 for RedWings.

2nd period


0:01 of 2nd period - Jonathan Drouin wins face-off versus Evgeny Kuznetsov in neutral zone.
0:17 of 2nd period - Sam Gagner is hit by Cody Ceci and loses puck.
0:49 of 2nd period - Icing by Thomas Hickey.
0:50 of 2nd period - Logan Couture wins face-off versus Jonathan Drouin in RedWings zone.
1:27 of 2nd period - Shot by Alex Pietrangelo.
1:27 of 2nd period - Stopped by Roberto Luongo without a rebound.
1:28 of 2nd period - Vincent Lecavalier wins face-off versus Elias Lindholm in RedWings zone.
1:40 of 2nd period - Icing by Zach Trotman.
1:41 of 2nd period - Vincent Lecavalier wins face-off versus Evgeny Kuznetsov in RedWings zone.
2:12 of 2nd period - Shot by Vincent Lecavalier.
2:12 of 2nd period - Shot Misses the Net.
2:14 of 2nd period - Shot by Andrew Cogliano.
2:14 of 2nd period - Shot Misses the Net.
2:56 of 2nd period - Mikkel Boedker is hit by Eric Gryba and loses puck.
3:07 of 2nd period - Shot by Mikkel Boedker.
3:07 of 2nd period - Shot Misses the Net.
3:09 of 2nd period - Shot by Alex Pietrangelo.
3:09 of 2nd period - Shot Misses the Net.
3:32 of 2nd period - Icing by Kevin Connauton.
3:33 of 2nd period - Robby Fabbri wins face-off versus Sean Monahan in RedWings zone.
3:46 of 2nd period - Shot by Robby Fabbri.
3:46 of 2nd period - Shot Blocked by Eric Gryba.
4:00 of 2nd period - Shot by Chris Kreider.
4:00 of 2nd period - Shot Blocked by Loui Eriksson.
4:08 of 2nd period - Shot by Alexander Burmistrov.
4:08 of 2nd period - Shot Misses the Net.
4:14 of 2nd period - Shot by Robby Fabbri.
4:14 of 2nd period - Stopped by Roberto Luongo with a rebound.
4:41 of 2nd period - Paul Martin is hit by Matt Beleskey.
5:17 of 2nd period - Icing by Thomas Hickey.
5:18 of 2nd period - Logan Couture wins face-off versus Filip Forsberg in RedWings zone.
5:29 of 2nd period - Shot by Mikkel Boedker.
5:29 of 2nd period - Shot Blocked by Thomas Hickey.
5:34 of 2nd period - Icing by Filip Forsberg.
5:35 of 2nd period - Jonathan Drouin wins face-off versus Reilly Smith in RedWings zone.
5:54 of 2nd period - Shot by Reilly Smith.
5:54 of 2nd period - Shot Blocked by Zach Trotman.
5:56 of 2nd period - Shot by Evgeny Kuznetsov.
5:56 of 2nd period - Shot Misses the Net.
5:58 of 2nd period - Shot by Reilly Smith.
5:58 of 2nd period - Stopped by Roberto Luongo without a rebound.
5:59 of 2nd period - Vincent Lecavalier wins face-off versus Logan Couture in RedWings zone.
6:06 of 2nd period - Shot by Logan Couture.
6:06 of 2nd period - Deflect By Adam Henrique.
6:06 of 2nd period - Shot Misses the Net.
6:09 of 2nd period - Icing by Zach Trotman.
6:10 of 2nd period - Evgeny Kuznetsov wins face-off versus Vincent Lecavalier in RedWings zone.
6:13 of 2nd period - Shot by Reilly Smith.
6:13 of 2nd period - Deflect By Evgeny Kuznetsov.
6:13 of 2nd period - Stopped by Roberto Luongo without a rebound.
6:14 of 2nd period - Mikhail Grabovski wins face-off versus Logan Couture in RedWings zone.
6:23 of 2nd period - Shot by Mikkel Boedker.
6:23 of 2nd period - Shot Blocked by Zach Trotman.
6:49 of 2nd period - Shot by Adam Henrique.
6:49 of 2nd period - Stopped by Roberto Luongo with a rebound.
6:51 of 2nd period - Shot by Adam Henrique.
6:51 of 2nd period - Shot Blocked by Erik Haula.
7:20 of 2nd period - Shot by Reilly Smith.
7:20 of 2nd period - Shot Misses the Net.
7:22 of 2nd period - Shot by Evgeny Kuznetsov.
7:22 of 2nd period - Shot Blocked by Filip Forsberg.
7:24 of 2nd period - Shot by Reilly Smith.
7:24 of 2nd period - Shot Misses the Net.
7:30 of 2nd period - Shot by Evander Kane.
7:30 of 2nd period - Shot Blocked by Sam Gagner.
7:32 of 2nd period - Shot by Evander Kane.
7:32 of 2nd period - Shot Blocked by Thomas Hickey.
7:34 of 2nd period - Shot by Evander Kane.
7:34 of 2nd period - Stopped by Roberto Luongo with a rebound.
7:46 of 2nd period - Shot by Evgeny Kuznetsov.
7:46 of 2nd period - Stopped by Roberto Luongo with a rebound.
7:48 of 2nd period - Shot by Reilly Smith.
7:48 of 2nd period - Shot Blocked by Thomas Hickey.
8:04 of 2nd period - Thomas Hickey is hit by Chris Kreider and loses puck.
9:37 of 2nd period - Shot by Sean Monahan.
9:37 of 2nd period - Shot Misses the Net.
9:39 of 2nd period - Shot by Loui Eriksson.
9:39 of 2nd period - Goal by Loui Eriksson - Canucks : 3 - RedWings : 1.
9:40 of 2nd period - Micheal Ferland wins face-off versus Evgeny Kuznetsov in neutral zone.
9:49 of 2nd period - Shot by Jake Gardiner.
9:49 of 2nd period - Stopped by Henrik Lundqvist without a rebound.
9:50 of 2nd period - Logan Couture wins face-off versus Mikhail Grabovski in Canucks zone.
9:50 of 2nd period - Logan Couture is hit by Alexandre Burrows.
9:55 of 2nd period - Off-side.
9:56 of 2nd period - Vincent Lecavalier wins face-off versus Logan Couture in neutral zone.
10:01 of 2nd period - Shot by Micheal Ferland.
10:01 of 2nd period - Shot Misses the Net.
10:25 of 2nd period - Andrew Cogliano is hit by Adam Henrique and loses puck.
11:16 of 2nd period - Shot by Loui Eriksson.
11:16 of 2nd period - Stopped by Henrik Lundqvist with a rebound.
11:40 of 2nd period - Shot by Evgeny Kuznetsov.
11:40 of 2nd period - Shot Misses the Net.
11:42 of 2nd period - Shot by Reilly Smith.
11:42 of 2nd period - Deflect By Evgeny Kuznetsov.
11:42 of 2nd period - Shot Misses the Net.
11:44 of 2nd period - Shot by Evgeny Kuznetsov.
11:44 of 2nd period - Shot Blocked by Kevin Connauton.
12:10 of 2nd period - Minor Penalty to Chris Kreider for Tripping.
12:11 of 2nd period - Evgeny Kuznetsov wins face-off versus Vincent Lecavalier in Canucks zone.
13:50 of 2nd period - Icing by Paul Martin.
13:51 of 2nd period - Evgeny Kuznetsov wins face-off versus Vincent Lecavalier in RedWings zone.
13:54 of 2nd period - Shot by Adam Henrique.
13:54 of 2nd period - Shot Misses the Net.
13:57 of 2nd period - Icing by Paul Martin.
13:58 of 2nd period - Vincent Lecavalier wins face-off versus Evgeny Kuznetsov in RedWings zone.
14:22 of 2nd period - Shot by Filip Forsberg.
14:22 of 2nd period - Shot Hit the Post.
14:24 of 2nd period - Shot by Jonathan Drouin.
14:24 of 2nd period - Shot Misses the Net.
14:32 of 2nd period - Shot by Filip Forsberg.
14:32 of 2nd period - Deflect By Sam Gagner.
14:32 of 2nd period - Shot Blocked by Elias Lindholm.
14:58 of 2nd period - Shot by Sean Monahan.
14:58 of 2nd period - Stopped by Henrik Lundqvist with a rebound.
15:08 of 2nd period - Shot by Loui Eriksson.
15:08 of 2nd period - Shot Misses the Net.
15:10 of 2nd period - Shot by Loui Eriksson.
15:10 of 2nd period - Shot Misses the Net.
15:12 of 2nd period - Shot by Sean Monahan.
15:12 of 2nd period - Shot Misses the Net.
15:47 of 2nd period - Shot by Erik Haula.
15:47 of 2nd period - Stopped by Henrik Lundqvist without a rebound.
15:48 of 2nd period - Micheal Ferland wins face-off versus Evgeny Kuznetsov in Canucks zone.
16:04 of 2nd period - Shot by Vincent Lecavalier.
16:04 of 2nd period - Deflect By Andrew Cogliano.
16:04 of 2nd period - Shot Misses the Net.
16:17 of 2nd period - Minor Penalty to Micheal Ferland for Slashing.
16:18 of 2nd period - Erik Haula wins face-off versus Evgeny Kuznetsov in RedWings zone.
16:37 of 2nd period - Shot by Adam Henrique.
16:37 of 2nd period - Stopped by Roberto Luongo without a rebound.
16:38 of 2nd period - Logan Couture wins face-off versus Erik Haula in RedWings zone.
16:43 of 2nd period - Shot by Erik Karlsson.
16:43 of 2nd period - Stopped by Roberto Luongo without a rebound.
16:44 of 2nd period - Logan Couture wins face-off versus Erik Haula in RedWings zone.
17:00 of 2nd period - Icing by Erik Karlsson.
17:01 of 2nd period - Logan Couture wins face-off versus Erik Haula in Canucks zone.
18:06 of 2nd period - Shot by Alex Pietrangelo.
18:06 of 2nd period - Stopped by Roberto Luongo without a rebound.
18:07 of 2nd period - Andrew Cogliano wins face-off versus Evgeny Kuznetsov in RedWings zone.
18:42 of 2nd period - Shot by Loui Eriksson.
18:42 of 2nd period - Shot Misses the Net.
18:44 of 2nd period - Shot by Sean Monahan.
18:44 of 2nd period - Shot Hit the Post.
18:48 of 2nd period - Shot by Loui Eriksson.
18:48 of 2nd period - Shot Misses the Net.
18:50 of 2nd period - Shot by Sean Monahan.
18:50 of 2nd period - Shot Blocked by Cody Ceci.
18:52 of 2nd period - Shot by Loui Eriksson.
18:52 of 2nd period - Stopped by Henrik Lundqvist without a rebound.
18:53 of 2nd period - Logan Couture wins face-off versus Vincent Lecavalier in Canucks zone.
18:59 of 2nd period - Icing by Logan Couture.
19:00 of 2nd period - Vincent Lecavalier wins face-off versus Logan Couture in Canucks zone.
19:05 of 2nd period - Shot by Andrew Cogliano.
19:05 of 2nd period - Shot Misses the Net.
19:07 of 2nd period - Shot by Vincent Lecavalier.
19:07 of 2nd period - Shot Misses the Net.
19:09 of 2nd period - Shot by Paul Martin.
19:09 of 2nd period - Shot Hit the Post.
19:11 of 2nd period - Shot by Andrew Cogliano.
19:11 of 2nd period - Stopped by Henrik Lundqvist without a rebound.
19:12 of 2nd period - Evgeny Kuznetsov wins face-off versus Jonathan Drouin in Canucks zone.
19:39 of 2nd period - Shot by Reilly Smith.
19:39 of 2nd period - Shot Blocked by Paul Martin.
19:41 of 2nd period - Shot by Evander Kane.
19:41 of 2nd period - Stopped by Roberto Luongo without a rebound.
19:42 of 2nd period - Sean Monahan wins face-off versus Logan Couture in RedWings zone.
19:42 of 2nd period - David Pastrnak is hit by Logan Couture and loses puck.
Goals for this period are 0 for Canucks vs 1 for RedWings.
Shots for this period are 11 for Canucks vs 7 for RedWings.

3rd period


0:01 of 3rd period - Jonathan Drouin wins face-off versus Evgeny Kuznetsov in neutral zone.
0:21 of 3rd period - Evgeny Kuznetsov is hit by Filip Forsberg and loses puck.
0:44 of 3rd period - Erik Karlsson is hit by Thomas Hickey and loses puck.
1:17 of 3rd period - Shot by Loui Eriksson.
1:17 of 3rd period - Shot Misses the Net.
1:22 of 3rd period - David Pastrnak is hit by Brent Burns and loses puck.
1:27 of 3rd period - Shot by Sean Monahan.
1:27 of 3rd period - Shot Blocked by Alex Pietrangelo.
1:43 of 3rd period - Shot by Sean Monahan.
1:43 of 3rd period - Shot Blocked by Alex Pietrangelo.
1:45 of 3rd period - Shot by Loui Eriksson.
1:45 of 3rd period - Stopped by Henrik Lundqvist without a rebound.
1:46 of 3rd period - Robby Fabbri wins face-off versus Mikhail Grabovski in Canucks zone.
1:55 of 3rd period - Shot by Chris Kreider.
1:55 of 3rd period - Shot Blocked by Alexandre Burrows.
2:57 of 3rd period - Off-side.
2:58 of 3rd period - Evgeny Kuznetsov wins face-off versus Jonathan Drouin in neutral zone.
3:36 of 3rd period - Sam Gagner is hit by Evander Kane and loses puck.
4:30 of 3rd period - Shot by Sean Monahan.
4:30 of 3rd period - Shot Misses the Net.
4:32 of 3rd period - Shot by Loui Eriksson.
4:32 of 3rd period - Stopped by Henrik Lundqvist without a rebound.
4:33 of 3rd period - Mikhail Grabovski wins face-off versus Logan Couture in Canucks zone.
4:43 of 3rd period - Brent Burns is hit by Alexandre Burrows and loses puck.
5:01 of 3rd period - Shot by Adam Henrique.
5:01 of 3rd period - Stopped by Roberto Luongo without a rebound.
5:02 of 3rd period - Vincent Lecavalier wins face-off versus Robby Fabbri in RedWings zone.
5:43 of 3rd period - Shot by Andrew Cogliano.
5:43 of 3rd period - Stopped by Henrik Lundqvist without a rebound.
5:44 of 3rd period - Logan Couture wins face-off versus Jonathan Drouin in Canucks zone.
5:44 of 3rd period - Eric Gryba and Brent Burns fight to a draw.
5:44 of 3rd period - Penalty to Eric Gryba for Fighting.
5:44 of 3rd period - Penalty to Brent Burns for Fighting.
5:45 of 3rd period - Logan Couture wins face-off versus Sam Gagner in Canucks zone.
6:10 of 3rd period - Shot by Sam Gagner.
6:10 of 3rd period - Deflect By Filip Forsberg.
6:10 of 3rd period - Shot Misses the Net.
6:16 of 3rd period - Shot by Logan Couture.
6:16 of 3rd period - Shot Misses the Net.
6:20 of 3rd period - Shot by Mikkel Boedker.
6:20 of 3rd period - Stopped by Roberto Luongo with a rebound.
6:22 of 3rd period - Shot by Cody Ceci.
6:22 of 3rd period - Shot Misses the Net.
6:48 of 3rd period - Shot by Evgeny Kuznetsov.
6:48 of 3rd period - Stopped by Roberto Luongo without a rebound.
6:49 of 3rd period - Robby Fabbri wins face-off versus Sean Monahan in RedWings zone.
7:01 of 3rd period - Shot by Alexander Burmistrov.
7:01 of 3rd period - Shot Misses the Net.
7:09 of 3rd period - Robby Fabbri is hit by Loui Eriksson and loses puck.
9:25 of 3rd period - Shot by Elias Lindholm.
9:25 of 3rd period - Stopped by Roberto Luongo without a rebound.
9:26 of 3rd period - Evgeny Kuznetsov wins face-off versus Vincent Lecavalier in RedWings zone.
10:08 of 3rd period - Off-side.
10:09 of 3rd period - Logan Couture wins face-off versus Jonathan Drouin in neutral zone.
10:23 of 3rd period - Shot by Sam Gagner.
10:23 of 3rd period - Stopped by Henrik Lundqvist without a rebound.
10:24 of 3rd period - Sean Monahan wins face-off versus Robby Fabbri in Canucks zone.
10:27 of 3rd period - Shot by Loui Eriksson.
10:27 of 3rd period - Shot Misses the Net.
10:43 of 3rd period - Zach Trotman is hit by Chris Kreider and loses puck.
11:01 of 3rd period - Off-side.
11:02 of 3rd period - Jonathan Drouin wins face-off versus Logan Couture in neutral zone.
11:11 of 3rd period - Kevin Connauton is hit by Mikkel Boedker and loses puck.
13:42 of 3rd period - Icing by Cody Ceci.
13:43 of 3rd period - Sean Monahan wins face-off versus Elias Lindholm in Canucks zone.
13:46 of 3rd period - Shot by Loui Eriksson.
13:46 of 3rd period - Stopped by Henrik Lundqvist without a rebound.
13:47 of 3rd period - Sean Monahan wins face-off versus Adam Henrique in Canucks zone.
14:00 of 3rd period - Shot by Adam Henrique.
14:00 of 3rd period - Stopped by Roberto Luongo with a rebound.
14:02 of 3rd period - Shot by Mikkel Boedker.
14:02 of 3rd period - Stopped by Roberto Luongo without a rebound.
14:03 of 3rd period - Mikhail Grabovski wins face-off versus Evgeny Kuznetsov in RedWings zone.
14:03 of 3rd period - Mikhail Grabovski is hit by Evander Kane.
14:34 of 3rd period - Shot by Evgeny Kuznetsov.
14:34 of 3rd period - Shot Blocked by Jake Gardiner.
14:36 of 3rd period - Shot by Reilly Smith.
14:36 of 3rd period - Stopped by Roberto Luongo with a rebound.
14:38 of 3rd period - Shot by Reilly Smith.
14:38 of 3rd period - Shot Misses the Net.
14:40 of 3rd period - Shot by Jonas Brodin.
14:40 of 3rd period - Stopped by Roberto Luongo without a rebound.
14:41 of 3rd period - Logan Couture wins face-off versus Sean Monahan in RedWings zone.
15:01 of 3rd period - Icing by Alex Pietrangelo.
15:02 of 3rd period - Logan Couture wins face-off versus Vincent Lecavalier in Canucks zone.
15:25 of 3rd period - Icing by Brent Burns.
15:26 of 3rd period - Logan Couture wins face-off versus Sean Monahan in Canucks zone.
15:38 of 3rd period - Icing by Zach Trotman.
15:39 of 3rd period - Evgeny Kuznetsov wins face-off versus Sean Monahan in RedWings zone.
15:54 of 3rd period - Shot by Evander Kane.
15:54 of 3rd period - Stopped by Roberto Luongo without a rebound.
15:55 of 3rd period - Mikhail Grabovski wins face-off versus Chris Kreider in RedWings zone.
17:04 of 3rd period - Shot by Sean Monahan.
17:04 of 3rd period - Stopped by Henrik Lundqvist without a rebound.
17:05 of 3rd period - Jonathan Drouin wins face-off versus Logan Couture in Canucks zone.
17:18 of 3rd period - Icing by Filip Forsberg.
17:19 of 3rd period - Jonathan Drouin wins face-off versus Evgeny Kuznetsov in RedWings zone.
17:26 of 3rd period - Shot by Filip Forsberg.
17:26 of 3rd period - Stopped by Henrik Lundqvist without a rebound.
17:27 of 3rd period - Sean Monahan wins face-off versus Logan Couture in Canucks zone.
17:31 of 3rd period - Loui Eriksson is hit by Cody Ceci and loses puck.
17:58 of 3rd period - Icing by Paul Martin.
17:59 of 3rd period - Sean Monahan wins face-off versus Evgeny Kuznetsov in RedWings zone.
18:02 of 3rd period - Minor Penalty to Evander Kane for High sticking.
18:03 of 3rd period - Evgeny Kuznetsov wins face-off versus Vincent Lecavalier in Canucks zone.
18:21 of 3rd period - Shot by Paul Martin.
18:21 of 3rd period - Stopped by Henrik Lundqvist with a rebound.
18:23 of 3rd period - Shot by Paul Martin.
18:23 of 3rd period - Shot Hit the Post.
18:25 of 3rd period - Shot by Andrew Cogliano.
18:25 of 3rd period - Shot Misses the Net.
18:27 of 3rd period - Shot by Jonathan Drouin.
18:27 of 3rd period - Shot Misses the Net.
18:29 of 3rd period - Shot by Vincent Lecavalier.
18:29 of 3rd period - Stopped by Henrik Lundqvist without a rebound.
18:30 of 3rd period - Alexander Burmistrov wins face-off versus Erik Haula in Canucks zone.
19:30 of 3rd period - Shot by Jonathan Drouin.
19:30 of 3rd period - Stopped by Henrik Lundqvist without a rebound.
19:31 of 3rd period - Vincent Lecavalier wins face-off versus Alexander Burmistrov in Canucks zone.
19:32 of 3rd period - Shot by Paul Martin.
19:32 of 3rd period - Shot Blocked by Brent Burns.
19:46 of 3rd period - Shot by Zach Trotman.
19:46 of 3rd period - Shot Hit the Post.
19:48 of 3rd period - Shot by Andrew Cogliano.
19:48 of 3rd period - Stopped by Henrik Lundqvist without a rebound.
19:49 of 3rd period - Alexander Burmistrov wins face-off versus Jonathan Drouin in Canucks zone.
Goals for this period are 0 for Canucks vs 0 for RedWings.
Shots for this period are 9 for Canucks vs 11 for RedWings.